 Dungeon Crawl Stone Soup version 0.29.0-4-gdea44cf6ec (webtiles) character file.

Game seed: 1844554833688975477

71 qw the Chopper (level 4, -1/26 HPs)
             Began as a Tengu Warper on Aug 28, 2022.
             Slain by a gnoll
             ... wielding a +0 spear
              (5 damage)
             ... on level 3 of the Dungeon.
             The game lasted 00:00:12 (2345 turns).

qw the Chopper (Tengu Warper)                       Turns: 2345, Time: 00:00:12

Health: -1/26      AC:  3    Str: 12 (13) XL:     4   Next: 24%
Magic:  8/8        EV: 11    Int: 12 (14) God:
Gold:   103        SH:  0    Dex: 12 (13) Spells: 7/7 levels left

rFire   + . .      SeeInvis .   Y - +1 hand axe
rCold   . . .      Faith    .   (no shield)
rNeg    . . .      Spirit   .   b - +0 leather armour
rPois   .          Reflect  .   (helmet restricted)
rElec   .          Harm     .   (no cloak)
rCorr   .          Rampage  .   (no gloves)
Will    +....                   (boots unavailable)
Stlth   +.........              (no amulet)
HPRegen 0.08/turn               d - ring of protection from fire
MPRegen 0.11/turn               f - ring of willpower

@: no status effects
A: beak, talons 3
a: no special abilities


You were on level 3 of the Dungeon.
You visited 1 branch of the dungeon, and saw 3 of its levels.

You collected 103 gold pieces.


Innate Abilities, Weirdness & Mutations

You have a beak for a mouth.
You have claws for feet.


   Skills:
 - Level 2.0 Fighting
 + Level 4.8 Axes
 - Level 1.0 Throwing
 - Level 1.1 Armour
 - Level 2.1 Dodging
 - Level 2.0 Spellcasting
 - Level 2.4 Translocations


You had 7 spell levels left.
You didn't know any spells.
Your spell library contained the following spells:

 Spells                   Type           Power      Damage    Failure   Level
 Blink                    Tloc           12%        N/A       21%         2
 Gell's Gravitas          Tloc           6%         N/A       36%         3
 Lesser Beckoning         Tloc           6%         N/A       36%         3
 Teleport Other           Tloc           6%         N/A       36%         3
 Manifold Assault         Tloc           6%         N/A       98%         5

Inventory:

Hand Weapons
 c - a +0 mace
 Y - a +1 hand axe (weapon)
Armour
 b - a +0 leather armour (worn)
Jewellery
 d - a ring of protection from fire (left hand)
 f - a ring of willpower (right hand)
 h - a ring of ice
Scrolls
 e - a scroll of summoning {unknown}
Potions
 a - a potion of flight {unknown}
 i - a potion of mutation {unknown}

Dungeon Overview and Level Annotations

Branches:
Dungeon (3/15)

Altars:
Zin


Message History

You start resting.
HP restored.
e - a scroll labelled ZARILOMIFO A gnoll comes into view.
It is wielding a +0 spear.
The gnoll shouts!
A gnoll comes into view. It is wielding a +0 whip.
Enter note:
2333 ||| Stepping ~*~*~tactically~*~*~ (hiding).
You start waiting.
A gnoll is nearby!
A gnoll comes into view. It is wielding a +0 spear.
The gnoll hits you with a +0 spear!
A gnoll comes into view. It is wielding a +0 whip.
You closely miss the gnoll.
The gnoll shouts!
You claw the gnoll. You peck the gnoll.
The gnoll is heavily wounded.
The gnoll closely misses you.
You barely miss the gnoll.
The gnoll is heavily wounded.
The gnoll barely misses you.
You closely miss the gnoll. You claw the gnoll.
The gnoll is severely wounded.
The gnoll hits you with a +0 spear.
You closely miss the gnoll. You claw the gnoll.
The gnoll is almost dead.
The gnoll hits you from afar with a +0 spear!
The gnoll closely misses you.
You hit the gnoll.
You kill the gnoll!
The gnoll hits you from afar with a +0 spear!
You feel your strength returning.
You slash the gnoll! Your kick misses the gnoll. You peck the gnoll.
The gnoll is severely wounded.
The gnoll hits you but does no damage. The gnoll barely misses you.
You hit the gnoll.
The gnoll is almost dead.
The gnoll closely misses you.
The gnoll hits you from afar with a +0 spear.
You die...

#.#####..## ##.##
#.........# #....
.
#..####.##.#.###.
#. ##..####.# #.#
#. ..
.........########.
..
##..###...........
#.#. #..#
#..#########
##...g##..###..#
##
.....gg@.......#
#..
##....##.####..#
... #.#. #.# #..#
#.# # #.# #..#
..## #.. #..# #.#
... ...# #.. ##.#
##.# #.# .# .. #.#
#.#


You could see 3 gnolls.

Vanquished Creatures
  A gnoll (D:3)
  An adder (D:2)
  3 worms (D:2)
  A dart slug (D:1)
  3 endoplasms
  3 giant cockroaches
  3 goblins (D:1)
  8 hobgoblins
  A quokka (D:2)
  4 ball pythons
  5 bats
  A frilled lizard (D:1)
  3 kobolds
  5 rats
42 creatures vanquished.

Notes
Turn   | Place    | Note
-------+----------+-------------------------------------------
     0 | D:1      | qw the Tengu Warper began the quest for the Orb.
     0 | D:1      | Reached XP level 1. HP: 12/12 MP: 4/4
     0 | D:1      | 0 ||| qw: Version: 0.1-a-89-g26bdef1
     0 | D:1      | 0 ||| qw: Game counter: 60
     0 | D:1      | 0 ||| qw: Always use a shield: true
     0 | D:1      | 0 ||| qw: God list: Okawaru
     0 | D:1      | 0 ||| qw: Allow faded altars: false
     0 | D:1      | 0 ||| qw: Do Orc after D:15 true
     0 | D:1      | 0 ||| qw: Do second Lair branch before Depths: true
     0 | D:1      | 0 ||| qw: Lair rune preference: random
     0 | D:1      | 0 ||| qw: Plans: Normal
     0 | D:1      | 0 ||| PLANNING D:1-11
   205 | D:1      | 205 ||| Stepping ~*~*~tactically~*~*~ (stealth).
   236 | D:1      | Reached skill level 3 in Axes
   236 | D:1      | Reached XP level 2. HP: 10/17 MP: 6/6
   667 | D:1      | Found a faded altar of an unknown god.
   832 | D:1      | Reached XP level 3. HP: 21/21 MP: 7/7
   985 | D:1      | 985 ||| UPGRADING to ring of protection from fire.
   986 | D:1      | 986 ||| DROPPING ring of magical power.
   987 | D:1      | 987 ||| READING scroll labelled QUUDIU EBOWI.
   988 | D:1      | 988 ||| READING scroll labelled WYUGEROSYT.
   989 | D:1      | 989 ||| DRINKING 2 glowing dark potions.
   990 | D:1      | 990 ||| DROPPING scroll of blinking.
   991 | D:1      | 991 ||| DROPPING potion of degeneration.
   992 | D:1      | 992 ||| Stepping randomly (stuck).
   993 | D:1      | 993 ||| Stepping ~*~*~tactically~*~*~ (cloud).
   999 | D:1      | HP: 5/21 [poisoned by you (poison gas)]
  1264 | D:2      | Found a glowing silver altar of Zin.
  1329 | D:2      | 1329 ||| DROPPING +0 club.
  1430 | D:2      | 1430 ||| Stepping ~*~*~tactically~*~*~ (stealth).
  1431 | D:2      | 1431 ||| Stepping ~*~*~tactically~*~*~ (stealth).
  1432 | D:2      | 1432 ||| Stepping ~*~*~tactically~*~*~ (stealth).
  1438 | D:2      | Reached skill level 4 in Axes
  1921 | D:2      | Reached XP level 4. HP: 26/26 MP: 8/8
  2140 | D:2      | 2140 ||| UPGRADING to ring of willpower.
  2141 | D:2      | 2141 ||| READING scroll labelled ZUMURE LOOGUO.
  2142 | D:2      | 2142 ||| READING scroll labelled APLAMU IMAWERCH.
  2143 | D:2      | 2143 ||| READING scroll labelled YHIOFOS YKHYSK.
  2333 | D:3      | 2333 ||| Stepping ~*~*~tactically~*~*~ (hiding).
  2343 | D:3      | HP: 4/26 [gnoll/+0 spear (8)]
  2345 | D:3      | Slain by a gnoll

Levels and vault maps discovered:
D:1:      heliophobic_arrival_glass_houses, layout_rooms,
          hellmonk_ecumenical_altar_run_dry
D:2:      layout_basic, basic_altar, nicolae_wormholes
D:3:      layout_loops_ring, gammafunk_ghost_grave, minmay_misc_feat_five,
          minmay_misc_feat_tiny

Skill      XL: |  1  2  3 |
---------------+----------+-----
Axes           | 3 4 |  4.8
Fighting       | |  2.0
Throwing       | |  1.0
Armour         | |  1.1
Dodging        | |  2.1
Spellcasting   | |  2.0
Translocations | |  2.4

Action                   |  1- 3 |  4- 6 || total
-------------------------+-------+-------++-------
Melee: Hand axe          |    91 |    12 ||   103
       Kick              |    30 |     3 ||    33
       Peck              |    13 |     5 ||    18
Throw: Boomerang         |     7 |       ||     7
  Use: Scroll            |     2 |     3 ||     5
       Potion            |     1 |       ||     1
Armor: Leather armour    |    20 |     1 ||    21
Dodge: Dodged            |    38 |     5 ||    43

Table legend:
 A = Non-vault XP
 B = Vault XP
 C = Vault XP percentage of total XP
 D = Non-vault monster count
 E = Vault monster count
 F = Vault count percentage of total count
                 A         B        C        D         E       F
            +---------+---------+-------+---------+---------+-------
      Total |      92 |      10 |   9.8 |      40 |       2 |   4.8
            +---------+---------+-------+---------+---------+-------
        D:1 |      34 |       0 |   0.0 |      21 |       0 |   0.0
        D:2 |      42 |      10 |  19.2 |      17 |       2 |  10.5
        D:3 |      16 |       0 |   0.0 |       2 |       0 |   0.0
            +---------+---------+-------+---------+---------+-------
